 Seeded DCSS version 0.28-a0-863-g8cecda6153 (webtiles) character file.

Game seed: 20211120 (custom seed)

10178 a11behringer the Basher (level 11, -1/68 HPs)
             Began as a Gargoyle Berserker on Nov 20, 2021.
             Was a Priest of Trog.
             Slain by Snorg (12 damage)
             ... on level 10 of the Dungeon.
             The game lasted 00:30:32 (7943 turns).

a11behringer the Basher (Gargoyle Berserker)        Turns: 7943, Time: 00:30:33

Health: -1/68      AC: 24    Str: 24    XL:     11   Next: 58%
Magic:  11/11      EV:  7    Int:  8    God:    Trog [***...]
Gold:   511        SH:  7    Dex:  9    Spells: 10/10 levels left

rFire   . . .      SeeInvis .   s - +5 morningstar (vamp)
rCold   . . .      Faith    .   B - +2 buckler
rNeg    + . .      Spirit   .   c - +0 plate armour
rPois   ∞          Reflect  .   k - +0 helmet
rElec   +          Harm     .   (no cloak)
rCorr   .          Rampage  .   j - +0 pair of gloves
Will    ++...                   (no boots)
Stlth   ..........              (no amulet)
HPRegen 1.21/turn               C - ring of flight
MPRegen 0.12/turn               (no ring)

@: strong-willed, on berserk cooldown, flying, regenerating, slowed, very slow
A: sickness immunity, AC +8, negative energy resistance 1, electricity
resistance, torment resistance 1, petrification resistance
a: Renounce Religion, Berserk, Trog's Hand


You were on level 10 of the Dungeon.
You worshipped Trog.
Trog was most pleased with you.
You visited 1 branch of the dungeon, and saw 10 of its levels.

You collected 665 gold pieces.
You spent 154 gold pieces at shops.

Inventory:

Hand Weapons
 a - a +0 mace
 s - a +5 vampiric morningstar (weapon)
 z - a +0 shortbow
 K - a +4 flail of venom
Missiles
 l - 112 arrows
Armour
 c - a +0 plate armour (worn)
 i - a scarf of invisibility
 j - a +0 pair of gloves (worn)
 k - a +0 helmet (worn)
 p - a +0 kite shield
 B - a +2 buckler (worn)
Jewellery
 n - a ring of magical power
 x - a ring of protection from cold
 C - a ring of flight (left hand)
 F - a ring of magical power
 H - a +6 ring of intelligence
Wands
 v - a wand of mindburst (17)
 y - a wand of charming (7)
 E - a wand of iceblast (7)
 J - a wand of polymorph (7)
Scrolls
 b - a scroll of fog
 e - 2 scrolls of torment
 m - 4 scrolls of teleportation
 t - 4 scrolls of vulnerability
 A - 2 scrolls of fear {unknown}
 G - a scroll of identify
 L - a scroll of enchant weapon
Potions
 d - 2 potions of attraction {unknown}
 f - a potion of curing
 g - a potion of invisibility {unknown}
 h - 4 potions of flight
 o - 2 potions of brilliance {unknown}
 q - a potion of heal wounds
 r - a potion of lignification {unknown}
 u - a potion of haste {unknown}
 w - a potion of degeneration {unknown}
 D - 5 potions of cancellation {unknown}
 I - 2 potions of might {unknown}
Miscellaneous
 M - a box of beasts


   Skills:
 + Level 8.0 Fighting
 * Level 14.6 Maces & Flails
 + Level 7.4 Armour
 - Level 1.5 Dodging
 * Level 5.4 Shields


You had 10 spell levels left.
You didn't know any spells.
Your spell library was empty.

Dungeon Overview and Level Annotations

Branches:
Dungeon (10/15)            Temple (0/1) D:4            Lair (0/6) D:9
    Orc: D:9-12

Altars:
Ashenzari
Fedhas
Gozag
Makhleb
Nemelex Xobeh
Sif Muna
Trog
Uskayaw
Vehumet
Xom
Yredelemnul
The Shining One

Shops:
D:4 (

Annotations:
D:6 exclusion: oklob plant
D:9 1 runed translucent door
D:10 Snorg


Innate Abilities, Weirdness & Mutations

You are immune to sickness and miasma.
Your stone body is resilient. (AC +8)
You are immune to poison.
You resist negative energy. (rN+)
You are resistant to electric shocks. (rElec)
You are resistant to unholy torment.
You are immune to petrification.


Message History

Snorg is lightly wounded.
Snorg closely misses you. Snorg claws you! Snorg claws you but does no damage.
You bludgeon Snorg!!
You feel better.
Snorg is moderately wounded.
Snorg bites you! Snorg claws you! Snorg claws you.
You puncture Snorg!
Snorg is moderately wounded.
Snorg bites you!! Snorg claws you but does no damage. x2
You barely miss Snorg.
Snorg is moderately wounded.
Snorg bites you! You block Snorg's attack. Snorg closely misses you.
You barely miss Snorg.
Snorg is moderately wounded.
You closely miss Snorg.
Snorg is moderately wounded.
You block Snorg's attack. x2; Snorg closely misses you.
You impale Snorg!!
Snorg is heavily wounded.
Snorg barely misses you. Snorg claws you but does no damage.
You block Snorg's attack.
You puncture Snorg!
You feel better.
Snorg is heavily wounded.
You are no longer berserk.
You are exhausted.
You feel yourself slow down.
You closely miss Snorg.
Snorg is heavily wounded.
Snorg bites you. Snorg barely misses you. Snorg claws you but does no damage.
Snorg barely misses you. x2; Snorg claws you but does no damage.
You closely miss Snorg.
Snorg is heavily wounded.
Snorg barely misses you. You block Snorg's attack. Snorg claws you.
Snorg barely misses you. Snorg claws you.
* * * LOW HITPOINT WARNING * * *
Snorg claws you!
* * * LOW HITPOINT WARNING * * *
Your skin crawls.
You feel strong-willed. Snorg bites you!
You die...

...............................
............................#..
............................#
...................#......#...#
..........................# ...
............................#..
.................#.# .
....$.........#.##.#
......T@......### .
.......#.......#
###.####......## .. ..........
. ....#.....# .#....##....
.###.... .... ## ###.. ...


You could see Snorg (berserk).

Vanquished Creatures
  3 two-headed ogres (D:10)
  3 skeletal warriors (D:8)
  A cyclops (D:10)
  An unseen horror (D:9)
  A troll (D:10)
  Prince Ribbit (D:6)
  2 wyverns
  12 yaks
  2 water moccasins (D:5)
  3 ice beasts
  2 ogres
  3 orc warriors
  2 sky beasts
  2 necrophages
  3 centaurs
  4 kobold brigands
  2 gnoll sergeants
  3 bullfrogs
  4 scorpions
  A wyvern zombie (D:7)
  4 killer bees (D:9)
  7 howler monkeys
  3 hounds
  3 orc priests
  2 centaur skeletons
  A jelly (D:6)
  3 iguanas
  11 orc wizards
  A howler monkey zombie (D:8)
  13 gnolls
  13 adders
  A shadow imp (D:5)
  3 white imps
  An adder skeleton (D:4)
  A worm (D:5)
  A dart slug (D:3)
  19 orcs
  8 bats
  6 endoplasms
  2 giant cockroaches
  7 goblins
  6 hobgoblins
  4 jackals (D:1)
  33 kobolds
  5 quokkas
  9 ball pythons
  5 rats
227 creatures vanquished.

Vanquished Creatures (others)
  12 plants
12 creatures vanquished.

Grand Total: 239 creatures vanquished

Notes
Turn   | Place    | Note
-------+----------+-------------------------------------------
     0 | D:1      | a11behringer the Gargoyle Berserker began the quest for the
                  | Orb.
     0 | D:1      | Reached XP level 1. HP: 14/14 MP: 1/1
   407 | D:1      | You fall into a shaft and drop 1 floor!
   414 | D:2      | Reached XP level 2. HP: 17/19 MP: 2/2
   643 | D:1      | Reached XP level 3. HP: 22/23 MP: 3/3
  1234 | D:2      | Reached skill level 4 in Maces & Flails
  1242 | D:2      | Reached ** piety under Trog
  1551 | D:2      | Found a faded altar of an unknown god.
  1739 | D:3      | Reached XP level 4. HP: 20/29 MP: 4/4
  2333 | D:3      | Reached XP level 5. HP: 31/33 MP: 5/5
  2607 | D:4      | Noticed a necrophage
  2618 | D:4      | Killed a necrophage
  2619 | D:4      | Reached skill level 5 in Maces & Flails
  2684 | D:4      | Reached XP level 6. HP: 38/38 MP: 6/6
  2731 | D:4      | Found a staircase to the Ecumenical Temple.
  2759 | D:4      | Found Icoasizy's Antique Weapon Emporium.
  2784 | D:4      | Bought a runed morningstar for 154 gold pieces
  2828 | D:4      | Reached skill level 6 in Maces & Flails
  2842 | D:4      | Found a broken altar of Ashenzari.
  2873 | D:4      | Reached XP level 7. HP: 44/44 MP: 7/7
  2888 | D:4      | Found a radiant altar of Vehumet.
  3175 | D:5      | Entered Level 5 of the Dungeon
  3236 | D:5      | Reached skill level 7 in Maces & Flails
  3420 | D:5      | Reached XP level 8. HP: 48/48 MP: 8/8
  3424 | D:5      | Reached skill level 5 in Fighting
  3424 | D:5      | Reached skill level 8 in Maces & Flails
  3598 | D:5      | Reached skill level 5 in Armour
  3670 | D:5      | Found a glowing golden altar of the Shining One.
  3672 | D:5      | Noticed an angel
  3677 | D:5      | Found a basalt altar of Yredelemnul.
  3679 | D:5      | Noticed a profane servitor
  4096 | D:6      | Reached skill level 9 in Maces & Flails
  4180 | D:6      | Found a blossoming altar of Fedhas.
  4203 | D:6      | Noticed an oklob plant
  4364 | D:6      | Noticed Prince Ribbit
  4369 | D:6      | Killed Prince Ribbit
  4370 | D:6      | Reached skill level 10 in Maces & Flails
  4370 | D:6      | Reached XP level 9. HP: 55/55 MP: 9/9
  4495 | D:6      | Identified the +7 spear "Medu" {venom, Drain Int+3 Dex+4
                  | Stlth+}
  5237 | D:7      | Reached skill level 1 in Shields
  5286 | D:7      | Reached *** piety under Trog
  5563 | D:7      | Reached skill level 11 in Maces & Flails
  5816 | D:8      | Noticed a skeletal warrior
  5844 | D:8      | Killed a skeletal warrior
  5845 | D:8      | Reached skill level 12 in Maces & Flails
  5845 | D:8      | Reached XP level 10. HP: 61/61 MP: 10/10
  6162 | D:8      | Noticed a skeletal warrior
  6162 | D:8      | Noticed a skeletal warrior
  6175 | D:8      | Killed a skeletal warrior
  6190 | D:8      | Killed a skeletal warrior
  6334 | D:8      | Found a bloodstained altar of Trog.
  6398 | D:8      | Found a shimmering altar of Xom.
  6400 | D:8      | Found a shimmering blue altar of Sif Muna.
  6400 | D:8      | Found an opulent altar of Gozag.
  6426 | D:8      | Reached skill level 13 in Maces & Flails
  6458 | D:8      | Found a sparkling altar of Nemelex Xobeh.
  6836 | D:9      | Noticed a +0 dagger
  6836 | D:9      | Noticed a +0 falchion
  6837 | D:9      | Noticed a +0 short sword
  6837 | D:9      | Noticed a +0 dagger
  6838 | D:9      | Noticed a +0 short sword
  6865 | D:9      | Noticed a +0 falchion
  6865 | D:9      | Noticed a +0 spear
  6866 | D:9      | Noticed a +0 spear
  6868 | D:9      | Found a hide-covered altar of Uskayaw.
  6908 | D:9      | Reached XP level 11. HP: 67/67 MP: 11/11
  7061 | D:9      | Found a runed translucent door.
  7062 | D:9      | Found a burning altar of Makhleb.
  7062 | D:9      | Noticed a sixfirhy
  7153 | D:9      | Found a staircase to the Lair.
  7334 | D:9      | Reached **** piety under Trog
  7455 | D:10     | Entered Level 10 of the Dungeon
  7478 | D:10     | Reached skill level 14 in Maces & Flails
  7561 | D:10     | Noticed a two-headed ogre
  7564 | D:10     | Noticed a cyclops
  7571 | D:10     | Killed a two-headed ogre
  7572 | D:10     | Reached skill level 5 in Shields
  7581 | D:10     | Killed a cyclops
  7608 | D:10     | Noticed a two-headed ogre
  7613 | D:10     | Noticed a two-headed ogre
  7614 | D:10     | Killed a two-headed ogre
  7628 | D:10     | Killed a two-headed ogre
  7926 | D:10     | Noticed Snorg
  7943 | D:10     | Slain by Snorg

Illustrated notes

Levels and vault maps discovered:
D:1:      wheals_arrival_shading, layout_rooms
D:2:      minmay_kobold_bridge, layout_rooms,
          dilly_ecumenical_altar_fadedgnrine, amcnicky_mini_pool_small,
          chequers_serial_rivers_small_b
D:3:      layout_rooms, serial_bayou_pond_b
D:4:      layout_cave_pools, mainiacjoe_overflow_big_doors,
          minmay_temple_entry_junction, serial_shops, nicolae_shop_trees
D:5:      layout_basic, grunt_temple_overflow_holy_war, hangedman_glass_teeth,
          kennysheep_generic_room_2
D:6:      layout_basic, tgw_fedhas, grunt_ministairs_4, uniq_prince_ribbit1
D:7:      layout_basic
D:8:      minmay_flawed_box, layout_basic, mainiacjoe_overflow_surrounded_room,
          grunt_temple_overflow_open
D:9:      layout_rooms, nicolae_uskayaw_en_pointe, nzn_makhleb_speed_demon,
          lair_entry_dummy
D:10:     layout_cave_pools, uniq_snorg

Skill      XL: |  1  2  3  4  5  6  7  8  9 10 11 |
---------------+----------------------------------+-----
Maces & Flails | 4 5 6 7 10 12 13 14 | 14.6
Armour         | 3 4 5 6 7 |  7.4
Fighting       | 4 5 6 7 8 |  8.0
Shields        | 2 4 5 |  5.4
Dodging        | |  1.5

Action                   |  1- 3 |  4- 6 |  7- 9 | 10-12 || total
-------------------------+-------+-------+-------+-------++-------
Melee: Mace              |   122 |   127 |       |       ||   249
       Morningstar       |       |    13 |   242 |   261 ||   516
Invok: Berserk           |     1 |     3 |     5 |     9 ||    18
       Trog's Hand       |       |     2 |     6 |    12 ||    20
  Use: Scroll            |       |     5 |     6 |     2 ||    13
       Potion            |       |       |       |     1 ||     1
Armor: Plate armour      |   105 |   126 |   144 |   185 ||   560
Dodge: Dodged            |    54 |    61 |    92 |   102 ||   309
Block: Buckler           |       |       |    22 |    93 ||   115

Table legend: (Time is in decaauts)
 A = Elapsed time spent in this place.
 B = Non-inter-level travel time spent in this place.
 C = Inter-level travel time spent in this place.
 D = Time resting spent in this place.
 E = Time spent auto-exploring this place.
 F = Levels seen in this place.
 G = Mean time per level.
                   A        B        C        D        E       F      G
               +--------+--------+--------+--------+--------+-----+--------+
         Total |   8122 |   7165 |    957 |      0 |   5500 |  10 |  812.2 |
       Dungeon |   8122 |   7165 |    957 |      0 |   5500 |  10 |  812.2 |
               +--------+--------+--------+--------+--------+-----+--------+

Top non-repeatable levels by time:
     D:8: 1190 daAuts
     D:3: 1022 daAuts
     D:6: 967 daAuts
     D:5: 935 daAuts
     D:9: 857 daAuts
     D:1: 850 daAuts
     D:2: 791 daAuts
     D:7: 632 daAuts
     D:4: 609 daAuts
    D:10: 266 daAuts
